Map: Ruins of Seras

Players

Earendil - Winner!

  • Race: Protoss Protoss
  • League: Diamond

IlIIllIIIlll

  • Race: Protoss Protoss
  • League: Diamond

VOD

Have the link to the VOD?

Description

Time

  • Played on: Jan. 14, 2016, 10:55 p.m.
  • Length: 14:29
Show
View Real Time Build Order
Export as new Build Order

Earendil Protoss - Winner!

Build Orders: Nexus First 

Get SALT Encoding   

  12  0:01  Probe (Chrono Boost)  
  13  0:12  Probe (Chrono Boost)  
  14  0:18  Pylon  
  14  0:23  Probe (Chrono Boost)  
  15  0:36  Probe (Chrono Boost)  
  16  0:47  Probe (Chrono Boost)  
  17  0:57  Probe (Chrono Boost)  
  18  1:05  Nexus  
  18  1:14  Gateway  
  18  1:17  Probe (Chrono Boost)  
  19  1:22  Assimilator  
  19  1:28  Probe (Chrono Boost)  
  20  1:35  Pylon  
  20  1:38  Probe (Chrono Boost)  
  21  1:45  Gateway  
  21  1:49  Probe (Chrono Boost)  
  22  2:00  Probe (Chrono Boost)  
  23  2:01  Cybernetics Core  
  23  2:06  Assimilator  
  23  2:10  Probe (Chrono Boost)  
  24  2:17  Probe (Chrono Boost)  
  24  2:21  Probe (Chrono Boost)  
  26  2:27  Probe (Chrono Boost)  
  27  2:35  Probe (Chrono Boost)  
  27  2:36  Adept (Chrono Boost)  
  28  2:38  Probe, Adept (Chrono Boost)  
  28  2:40  Warp Gate  
  33  2:47  Mothership Core (Chrono Boost)  
  36  2:51  Probe (Chrono Boost)  
  36  3:05  Stalker  
  35  3:39  Probe (Chrono Boost)  
  35  3:40  Probe (Chrono Boost)  
  36  3:49  Probe (Chrono Boost)  
  36  3:58  Probe (Chrono Boost)  
  36  3:59  Probe (Chrono Boost)  
  38  4:08  Probe (Chrono Boost)  
  39  4:10  Probe (Chrono Boost)  
  40  4:19  Probe (Chrono Boost)  
  40  4:21  Probe (Chrono Boost)  
  42  4:29  Probe (Chrono Boost)  
  41  4:31  Probe (Chrono Boost)  
  41  4:40  Probe (Chrono Boost)  
  41  4:42  Probe (Chrono Boost)  
  36  4:50  Probe (Chrono Boost)  
  36  4:51  Stalker x2  
  36  4:52  Probe (Chrono Boost)  
  36  5:01  Probe (Chrono Boost)  
  36  5:03  Probe (Chrono Boost)  
  38  5:11  Probe (Chrono Boost)  
  38  5:13  Probe (Chrono Boost)  
  38  5:22  Probe (Chrono Boost)  
  38  5:24  Probe (Chrono Boost)  
  38  5:25  Stalker  
  40  5:33  Probe (Chrono Boost)  
  40  5:34  Probe (Chrono Boost)  
  42  5:41  Stalker  
  42  5:43  Probe (Chrono Boost)  
  42  5:45  Probe (Chrono Boost)  
  38  5:54  Probe (Chrono Boost)  
  38  5:55  Stalker, Probe (Chrono Boost)  
  41  6:04  Probe (Chrono Boost), Pylon  
  41  6:05  Assimilator  
  41  6:06  Stalker, Probe (Chrono Boost)  
  45  6:13  Pylon  
  45  6:15  Probe (Chrono Boost)  
  46  6:23  Probe (Chrono Boost), Twilight Council  
  48  6:25  Probe (Chrono Boost)  
  46  6:33  Gateway, Probe (Chrono Boost)  
  46  6:35  Gateway  
  46  6:36  Probe (Chrono Boost)  
  48  6:44  Probe (Chrono Boost)  
  48  6:46  Probe (Chrono Boost)  
  50  6:54  Probe (Chrono Boost)  
  50  6:56  Probe (Chrono Boost)  
  50  6:57  Adept x2  
  56  7:01  Blink (Chrono Boost)  
  56  7:06  Probe x2  
  58  7:14  Robotics Facility  
  58  7:16  Probe  
  58  7:18  Probe  
  60  7:27  Probe  
  61  7:30  Probe  
  62  7:40  Probe  
  62  7:42  Probe  
  62  7:51  Probe  
  62  7:54  Probe  
  62  7:59  Pylon, Assimilator  
  62  8:00  Pylon  
  62  8:02  Pylon  
  62  8:04  Gateway, Pylon  
  62  8:06  Gateway  
  62  8:07  Gateway  
  62  8:16  Forge  
  62  8:18  Observer  
  62  8:19  Pylon  
  63  8:36  Stalker x3  
  63  8:37  Stalker  
  71  8:43  Probe x2 (Chrono Boost)  
  71  8:46  Nexus  
  71  9:07  Stalker  
  71  9:08  Stalker x2  
  73  9:11  Stalker  
  73  9:12  Stalker x2  
  79  9:18  Stalker  
  81  9:25  Probe  
  81  9:26  Nexus  
  81  9:27  Observer  
  83  9:35  Stalker x2  
  87  9:42  Stalker  
  87  9:43  Probe  
  87  9:44  Probe  
  91  9:52  Stalker  
  93  9:53  Probe  
  93  9:55  Stalker  
  93  9:56  Probe  
  97  10:04  Probe  
  97  10:06  Pylon  
  98  10:08  Probe  
  94  10:23  Protoss Ground Weapons Level 1  
  94  10:25  Immortal (Chrono Boost)  
  92  10:35  Stalker  
  94  10:38  Stalker x2  
  86  11:10  Stalker x6  
  86  11:11  Stalker  
  96  11:12  Probe  
  96  11:13  Probe x2  
  97  11:19  Pylon  
  77  11:33  Probe x2  
  77  11:34  Stalker x3  
  85  11:40  Stalker x2, Probe  
  85  11:45  Probe  
  90  11:49  Observer (Chrono Boost)  
  90  11:51  Probe  
  92  11:59  Stalker x2  
  96  12:02  Protoss Ground Weapons Level 2  
  96  12:07  Warp Prism (Chrono Boost)  
  98  12:12  Stalker x2  
  98  12:13  Stalker  
  98  12:15  Probe  
  104  12:16  Probe x2  
  107  12:43  Stalker x4  
  107  12:44  Stalker  
  117  12:52  Observer (Chrono Boost)  
  105  13:11  Stalker x3, Immortal (Chrono Boost)  
  105  13:12  Stalker x4  
  117  13:26  Pylon  
  113  13:27  Pylon  
  113  13:30  Pylon  
  113  13:31  Pylon  
  105  13:38  Adept x5  
  105  13:39  Adept  
  105  13:41  Probe x2  
  117  13:43  Probe  
  109  14:00  Stalker  
  109  14:07  Probe  
  109  14:08  Probe x2  
  104  14:11  Adept x4  
  104  14:13  Stalker x2  
  102  14:26  Stalker  
  102  14:27  Stalker  
Show
View Real Time Build Order
Export as new Build Order

IlIIllIIIlll Protoss 

Build Orders: Oracle Opening 

Get SALT Encoding   

  12  0:01  Probe (Chrono Boost)  
  13  0:11  Probe (Chrono Boost)  
  14  0:19  Pylon  
  14  0:22  Probe (Chrono Boost)  
  15  0:37  Probe (Chrono Boost)  
  15  0:39  Gateway  
  16  0:44  Assimilator  
  16  0:48  Probe (Chrono Boost)  
  17  0:56  Assimilator  
  17  0:58  Probe (Chrono Boost)  
  18  1:09  Probe (Chrono Boost)  
  19  1:12  Gateway  
  19  1:20  Probe (Chrono Boost)  
  20  1:27  Cybernetics Core  
  20  1:31  Probe (Chrono Boost)  
  21  1:39  Pylon  
  21  1:41  Probe (Chrono Boost)  
  22  2:03  Adept x2  
  22  2:06  Mothership Core (Chrono Boost)  
  28  2:08  Warp Gate  
  28  2:19  Pylon  
  28  2:28  Probe (Chrono Boost)  
  29  2:35  Stargate  
  29  2:39  Probe (Chrono Boost)  
  30  2:50  Pylon  
  30  2:51  Pylon  
  30  2:56  Pylon  
  29  3:15  Adept x2  
  33  3:22  Oracle (Chrono Boost)  
  34  3:42  Stalker  
  34  3:43  Stalker  
  36  3:54  Oracle (Chrono Boost)  
  37  4:12  Nexus  
  37  4:29  Probe  
  34  4:41  Probe  
  35  4:54  Probe  
  36  5:05  Twilight Council  
  35  5:07  Robotics Facility  
  35  5:08  Mothership Core (Chrono Boost)  
  35  5:10  Pylon  
  32  5:26  Probe (Chrono Boost)  
  32  5:27  Probe (Chrono Boost)  
  32  5:30  Stalker x2  
  36  5:38  Probe (Chrono Boost)  
  37  5:47  Blink  
  37  5:49  Probe x2 (Chrono Boost)  
  39  5:58  Pylon  
  39  5:59  Probe x2 (Chrono Boost)  
  41  6:06  Observer (Chrono Boost)  
  42  6:11  Probe  
  42  6:13  Probe  
  44  6:18  Sentry  
  44  6:23  Probe  
  44  6:25  Probe  
  45  6:35  Probe (Chrono Boost)  
  45  6:37  Stalker  
  45  6:38  Probe (Chrono Boost)  
  50  6:47  Probe (Chrono Boost)  
  50  6:48  Pylon  
  50  6:51  Probe (Chrono Boost)  
  51  6:57  Probe (Chrono Boost)  
  52  7:03  Probe (Chrono Boost)  
  52  7:07  Gateway x2  
  53  7:10  Gateway  
  53  7:12  Probe (Chrono Boost)  
  53  7:14  Pylon  
  53  7:15  Probe (Chrono Boost)  
  55  7:25  Assimilator  
  55  7:27  Assimilator  
  55  7:29  Forge  
  54  7:45  Probe (Chrono Boost)  
  54  7:47  Probe (Chrono Boost)  
  55  7:56  Probe (Chrono Boost)  
  57  7:59  Probe (Chrono Boost)  
  57  8:00  Protoss Ground Weapons Level 1 (Chrono Boost)  
  57  8:07  Stalker x2  
  57  8:09  Probe (Chrono Boost)  
  62  8:17  Observer (Chrono Boost)  
  63  8:20  Nexus  
  63  8:22  Probe x2, Pylon  
  65  8:34  Stalker x2, Probe x2  
  71  8:46  Probe x2  
  73  8:50  Pylon  
  73  8:58  Immortal (Chrono Boost)  
  75  9:12  Stalker x4  
  75  9:15  Probe x2  
  85  9:24  Stalker  
  87  9:27  Probe x2  
  89  9:32  Photon Cannon  
  89  9:39  Probe x2  
  89  9:41  Photon Cannon  
  91  9:54  Photon Cannon  
  91  10:03  Stalker x3  
  97  10:23  Stalker x2  
  99  10:31  Stalker x3  
  90  10:47  Stalker x2  
  86  10:58  Pylon  
  86  10:59  Pylon  
  86  11:02  Pylon  
  64  11:11  Probe  
  64  11:12  Probe x2  
  62  11:19  Stalker x3  
  66  11:28  Probe  
  65  11:37  Stalker x2  
  69  11:46  Stalker x2  
  69  11:47  Stalker  
  75  11:51  Gateway  
  75  11:52  Gateway  
  75  11:57  Forge  
  75  12:08  Stalker x2  
  75  12:14  Immortal (Chrono Boost)  
  77  12:22  Stalker  
  79  12:23  Stalker  
  79  12:32  Stalker x2  
  79  12:36  Mothership Core  
  85  12:43  Stalker  
  81  13:01  Stalker x4  
  73  13:13  Probe x2  
  73  13:14  Probe  
  76  13:21  Stalker  
  74  13:40  Adept x3  
  74  13:41  Adept x2  
Tags
 
Add a new tag
Caveats
  • Supply blocks, unpowered buildings, or Contaminate may cause inaccurate times.
  • Supply counts are checked every 10 seconds.